 Dungeon Crawl Stone Soup version 0.18-a0-1229-ge9a1a01 (webtiles) character file.

872 4thArraOfDagon the Gusty (level 7, -10/59 HPs)
             Began as a Centaur Air Elementalist on Feb 4, 2016.
             Was a Believer of Yredelemnul.
             Mangled by a spatial maelstrom (17 damage)
             ... on level 5 of the Abyss.
             The game lasted 00:20:31 (3315 turns).

4thArraOfDagon the Gusty (Centaur Air Elementalist) Turns: 3315, Time: 00:20:32

Health: -10/59     AC:  9    Str: 10    XL:     7   Next: 74%
Magic:  6/10       EV:  7    Int: 16    God:    Yredelemnul [**....]
Gold:   232        SH:  0    Dex: 10    Spells: 3 memorised, 5 levels left

rFire  . . .     SeeInvis .     p - +2 dagger (distort)
rCold  + . .     Gourm    .     a - +1 robe
rNeg   . . .     Faith    .     (no shield)
rPois  .         Spirit   .     (no helmet)
rElec  .         Dismiss  .     (no cloak)
rCorr  .         Reflect  .     (no gloves)
SustAt .         Harm     .     n - +0 centaur barding
MR     .....                    B - amulet of regeneration
Stlth  +.........               (no ring)
                                i - ring of protection from cold

@: very slightly contaminated, invisible, very quick, not resistant to hostile
enchantments, very unstealthy
A: hooves 3, deformed body, speed 2, tough skin 3
a: Animate Remains, Recall Undead Slaves, Injury Mirror, Renounce Religion


You were on level 5 of the Abyss.
You worshipped Yredelemnul.
Yredelemnul was pleased with you.
You were not hungry.

You visited 2 branches of the dungeon, and saw 8 of its levels.
You visited the Abyss 1 time.
You also visited: Sewer.

You collected 232 gold pieces.

Inventory:

Hand Weapons
 d - a +0 dagger
 g - a +0 flail
 h - a +0 blowgun
 p - a +2 dagger of distortion (weapon)
 q - a cursed -1 dagger
 u - a +4 short sword of venom
 J - the +2 quarterstaff of Eternity {antimagic, Stlth+}
   (You found it on level 3 of the Abyss)

   It disrupts the flow of magical energy around spellcasters and certain
   magical creatures (including the wielder).
   It makes you more stealthy.
Missiles
 k - 13 poisoned needles
Armour
 a - a +1 robe (worn)
 n - a +0 centaur barding (worn)
Jewellery
 i - a ring of protection from cold (left hand)
 B - an amulet of regeneration (around neck)
 I - an uncursed amulet of guardian spirit {unknown}
Wands
 o - a wand of confusion (16/48)
 w - a wand of random effects (20/48)
 x - a wand of slowing (31/48)
Scrolls
 m - a scroll of immolation
 y - 2 scrolls of remove curse
 D - a scroll of magic mapping
 K - a scroll of fog
 L - a scroll of enchant weapon
Potions
 j - 2 potions of berserk rage
 t - 4 potions of magic
 G - a potion of invisibility
Books
 b - a book of Air

   Spells                             Type                      Level
   a - Shock                          Conjuration/Air              1
   b - Swiftness                      Charms/Air                   2
   c - Repel Missiles                 Charms/Air                   2
   d - Static Discharge               Conjuration/Air              3
   e - Lightning Bolt                 Conjuration/Air              5
 l - a book of Burglary

   Spells                             Type                      Level
   a - Swiftness                      Charms/Air                   2
   b - Passwall                       Transmutation/Earth          3
   c - Passage of Golubria            Translocation                4
   d - Lee's Rapid Deconstruction     Earth                        5
   e - Darkness                       Hexes                        6
   f - Invisibility                   Hexes                        6
Comestibles
 c - 5 bread rations
 f - 2 meat rations
 s - 3 beef jerkies


   Skills:
 - Level 4.2 Fighting
 * Level 1.9 Maces & Flails
 - Level 1.3 Dodging
 - Level 1.2 Stealth
 - Level 2.0 Spellcasting
 - Level 4.0 Conjurations
 - Level 4.5 Air Magic
 + Level 3.5 Invocations


You had 5 spell levels left.
You knew the following spells:

 Your Spells              Type           Power        Failure   Level  Hunger
a - Shock                 Conj/Air       ###.         4%          1    #......
b - Repel Missiles        Chrm/Air       #.....       14%         2    ###....
c - Swiftness             Chrm/Air       #.......     14%         2    ###....


Dungeon Overview and Level Annotations

Branches:
Dungeon (7/15)             Temple (1/1) D:7

Altars:
Ashenzari
Cheibriados
Dithmenos
Elyvilon
Gozag
Makhleb
Nemelex Xobeh
Pakellas
Qazlal
Sif Muna
Trog
Xom
Yredelemnul
Zin
The Shining One

Annotations:
D:6 Prince Ribbit
Abyss:1 Sigmund


Innate Abilities, Weirdness & Mutations

You have hooves in place of feet.
Armour fits poorly on your strangely shaped body.
You cover ground very quickly.
You have extremely tough skin (AC +3).


Message History

Unknown command.
Unknown command.
A spatial vortex comes into view.
A spatial vortex comes into view.
A spatial vortex comes into view.
A spatial vortex comes into view.
Drink which item? (? for menu, Esc to quit)
Okay, then.
Drink which item? (? for menu, Esc to quit)
You feel better.
Unknown command.
A spatial vortex and a smoke demon come into view.
Unknown command.
The spatial maelstrom hits you!
* * * LOW HITPOINT WARNING * * *
Space bends around you.
* * * LOW HITPOINT WARNING * * *
The spatial maelstrom hits you!
You die...
Your body rises from the dead as a mindless zombie.

## # . #.
#######.#
#v#.v.# #
#######.#v##.#.#
#.....#vv#.v.v..
###....@......v
#..####v###v..v
#### #..# ####
###3. ###


You could see a spatial maelstrom, 10 spatial vortices and a smoke demon
(wandering).

Vanquished Creatures
  An ice beast (D:6)
  A centaur (D:7)
  A big kobold (D:7)
  A giant frog (D:6)
  A wight (D:6)
  A crimson imp (D:6)
  An orc wizard (D:3)
  An orc priest (D:3)
  A centaur skeleton (D:4)
  2 worker ants
  A hound zombie (D:7)
  3 gnolls (D:5)
  10 adders
  2 oozes
  An adder skeleton (D:4)
  A worm (D:2)
  6 orcs
  5 bats
  6 goblins
  5 hobgoblins (D:2)
  7 jackals
  19 kobolds
  3 quokkas
  6 ball pythons
  4 giant newts
  4 rats
  A plant (Sewer)
95 creatures vanquished.

Vanquished Creatures (others)
  A crocodile (D:7)
  A giant frog zombie (D:6)
  An adder (D:5)
  2 orcs
  A giant cockroach (D:2)
  2 hobgoblins
  A jackal (D:7)
  4 plants (Sewer)
  2 starspawn tentacles (Abyss:5)
15 creatures vanquished.

Grand Total: 110 creatures vanquished

Notes
Turn   | Place    | Note
--------------------------------------------------------------
     0 | D:1      | 4thArraOfDagon the Centaur Air Elementalist began the quest for the Orb.
     0 | D:1      | Reached XP level 1. HP: 14/14 MP: 3/3
    29 | D:2      | Reached skill level 1 in Conjurations
   139 | D:2      | Reached XP level 2. HP: 20/20 MP: 4/4
   258 | D:3      | Reached skill level 3 in Air Magic
   470 | D:5      | Entered Level 5 of the Dungeon
   513 | D:5      | Found a glowing drain.
   599 | D:6      | Found a shattered altar of Ashenzari.
   617 | D:5      | Reached XP level 3. HP: 20/26 MP: 5/5
   715 | Sewer    | Entered a sewer
   927 | Sewer    | Learned a level 2 spell: Repel Missiles
   930 | Sewer    | Learned a level 2 spell: Swiftness
   949 | Sewer    | Reached XP level 4. HP: 20/33 MP: 4/6
  1226 | D:7      | Noticed a crocodile
  1248 | D:7      | Banished a crocodile
  1264 | D:7      | Noticed a big kobold
  1284 | D:7      | Killed a big kobold
  1284 | D:7      | Reached skill level 4 in Air Magic
  1284 | D:7      | Reached XP level 5. HP: 6/38 MP: 4/8
  1346 | D:6      | Reached XP level 6. HP: 13/45 MP: 4/9
  1363 | D:6      | Noticed an ice beast
  1709 | D:7      | Found a staircase to the Ecumenical Temple.
  1714 | Temple   | Entered the Ecumenical Temple
  1740 | Temple   | Became a worshipper of Yredelemnul the Dark
  1740 | Temple   | Reached * piety under Yredelemnul
  1740 | Temple   | uhh
  1823 | D:6      | Noticed Prince Ribbit
  1902 | D:6      | Killed an ice beast
  1902 | D:6      | Reached skill level 1 in Invocations
  1902 | D:6      | Reached XP level 7. HP: 39/57 MP: 10/10
  1998 | D:5      | Noticed Sigmund
  2005 | D:5      | Banished Sigmund
  2241 | D:4      | Found a basalt altar of Yredelemnul.
  2243 | D:4      | Noticed a profane servitor
  2248 | D:4      | Found a glowing golden altar of the Shining One.
  2250 | D:4      | Noticed an angel
  2485 | D:2      | Found an opulent altar of Gozag.
  2485 | D:2      | Found a snail-covered altar of Cheibriados.
  2631 | D:2      | Reached skill level 1 in Maces & Flails
  2638 | D:2      | Reached ** piety under Yredelemnul
  2873 | D:3      | Found a glowing silver altar of Zin.
  2874 | D:3      | Found a deep blue altar of Sif Muna.
  2915 | D:3      | You fall through a shaft!
  3011 | D:5      | Cast into level 2 of the Abyss (a distortion unwield)
  3054 | Abyss:3  | Got a steaming quarterstaff
  3055 | Abyss:3  | Identified the cursed +2 quarterstaff of Eternity {antimagic, Stlth+} (You found it on level 3 of the Abyss)
  3092 | Abyss:3  | Noticed an ancient zyme
  3122 | Abyss:3  | Noticed a bone dragon
  3137 | Abyss:4  | Found a burning altar of Makhleb.
  3146 | Abyss:5  | Entered Level 5 of the Abyss
  3161 | Abyss:5  | Noticed a chaos spawn
  3211 | Abyss:5  | Noticed a spatial maelstrom
  3211 | Abyss:5  | Noticed a spatial vortex
  3216 | Abyss:5  | Noticed a small abomination
  3219 | Abyss:5  | Noticed a spatial vortex
  3219 | Abyss:5  | Noticed a spatial vortex
  3219 | Abyss:5  | Noticed a spatial vortex
  3222 | Abyss:5  | Noticed a spatial vortex
  3238 | Abyss:5  | Noticed a spatial vortex
  3240 | Abyss:5  | Noticed a spatial vortex
  3244 | Abyss:5  | Noticed an ancient zyme
  3245 | Abyss:5  | Noticed a spatial vortex
  3246 | Abyss:5  | Noticed a spatial vortex
  3246 | Abyss:5  | Noticed a wretched star
  3246 | Abyss:5  | Noticed a starcursed mass
  3247 | Abyss:5  | Noticed a spatial vortex
  3248 | Abyss:5  | Noticed a spatial vortex
  3248 | Abyss:5  | Noticed a spatial vortex
  3248 | Abyss:5  | Noticed a tentacled starspawn
  3250 | Abyss:5  | Noticed a spatial vortex
  3256 | Abyss:5  | Noticed a spatial vortex
  3257 | Abyss:5  | Noticed a spatial vortex
  3262 | Abyss:5  | Noticed a spatial vortex
  3264 | Abyss:5  | Noticed a spatial vortex
  3267 | Abyss:5  | Noticed a spatial vortex
  3268 | Abyss:5  | Noticed a spatial vortex
  3276 | Abyss:5  | Noticed a spatial vortex
  3282 | Abyss:5  | Noticed a large abomination
  3290 | Abyss:5  | Turgon: wtf are you doing in A:5??
  3295 | Abyss:5  | Noticed a spatial vortex
  3301 | Abyss:5  | Noticed a spatial vortex
  3302 | Abyss:5  | Noticed a spatial vortex
  3303 | Abyss:5  | Noticed a spatial vortex
  3303 | Abyss:5  | Noticed a spatial vortex
  3307 | Abyss:5  | Noticed a spatial vortex
  3308 | Abyss:5  | Noticed a spatial vortex
  3311 | Abyss:5  | Noticed a spatial vortex
  3311 | Abyss:5  | Noticed a spatial vortex
  3312 | Abyss:5  | Noticed a spatial vortex
  3313 | Abyss:5  | Noticed a spatial vortex
  3315 | Abyss:5  | Noticed a smoke demon
  3315 | Abyss:5  | Noticed a spatial vortex
  3315 | Abyss:5  | Mangled by a spatial maelstrom

Vault maps used:
D:1:      lightli_molten_gateway
D:2:      gammafunk_temple_overflow_elements, lemuel_coloured_pillars_altar
D:3:      gammafunk_temple_overflow_pools, nicolae_ru_path_of_blood
D:4:      grunt_temple_overflow_holy_war, first_bread
D:5:      gup_sewer_entry_glass, uniq_sigmund
D:6:      ashenzari_altar_1, lemuel_crystal_altar, serial_shops,
          kennysheep_mini, uniq_prince_ribbit1
D:7:      temple_statues, uniq_crazy_yiuf_cottage
Temple:   chequers_temple_sunken_temple
Abyss:3:  hangedman_classic_abyss_death
Abyss:4:  evilmike_abyss_exit_chaos, evilmike_abyss_rune_tso_outpost,
          evilmike_abyss_exit_kraken
Abyss:5:  serial_sigils_hangedman_snap, evilmike_abyss_exit_10,
          evilmike_abyss_rune_acolytes_1
Sewer:    sewer_co_scattered_pipes

Action                   |  1- 3 |  4- 6 |  7- 9 || total
-------------------------+-------+-------+-------++-------
Melee: Dagger            |    95 |    86 |   121 ||   302
       Flail             |     4 |       |       ||     4
       Quarterstaff      |       |       |     1 ||     1
 Cast: Shock             |    23 |    12 |       ||    35
       Repel Missiles    |     1 |     1 |       ||     2
Evoke: Wand              |       |    13 |     6 ||    19
  Use: Potion            |     1 |     2 |    10 ||    13
       Scroll            |     2 |    10 |     5 ||    17
 Stab: Confused          |       |     1 |       ||     1
  Eat: Chunk             |       |     3 |     4 ||     7
       Pizza             |       |       |     2 ||     2
